 Dungeon Crawl Stone Soup version 0.23-a0-368-g82e90586b2 (webtiles) character file.

1687 laxity the Summoner (level 8, -1/57 HPs)
             Began as a Mummy Wizard on Oct 24, 2018.
             Was an Initiate of Gozag.
             Slain by a killer bee (7 damage)
             ... on level 8 of the Dungeon.
             The game lasted 00:30:54 (10703 turns).

laxity the Summoner (Mummy Wizard)                 Turns: 10703, Time: 00:30:54

Health: -1/57      AC:  5    Str: 10    XL:     8   Next: 71%
Magic:  3/15       EV: 12    Int: 19    God:    Gozag
Gold:   270        SH:  0    Dex: 11    Spells: 9/17 levels left

rFire    . . .     SeeInvis .   m - +3 trident (venom)
rCold    . . .     Gourm    .   (no shield)
rNeg     + + +     Faith    .   a - +0 robe
rPois    ∞         Spirit   .   o - +1 hat
rElec    .         Reflect  .   f - +1 cloak
rCorr    .         Harm     .   (no gloves)
MR       +....                  (no boots)
Stlth    ++........             (no amulet)
HPRegen  0.19/turn              e - ring of fire
MPRegen  0.14/turn              k - +6 ring of slaying

@: no status effects
A: no food or potions, fire vulnerability, cold resistance 1, negative energy
resistance 3, torment resistance, unbreathing
a: Potion Petition, Call Merchant, Bribe Branch, Renounce Religion


You were on level 8 of the Dungeon.
You worshipped Gozag.
Gozag was aware of your devotion.
You were not hungry.

You visited 2 branches of the dungeon, and saw 9 of its levels.
You also visited: Ossuary.

You collected 718 gold pieces.
You spent 390 gold pieces at shops.
You paid 58 gold pieces to Gozag.

Inventory:

Hand Weapons
 d - a +0 short sword
 m - a +3 trident of venom (weapon)
Armour
 a - a +0 robe (worn)
 f - a +1 cloak (worn)
 n - a scarf of spirit shield
 o - a +1 hat (worn)
Magical Staves
 q - an uncursed staff of summoning {unknown}
Jewellery
 e - a ring of fire (left hand)
 g - an uncursed ring of flight
 k - a +6 ring of slaying (right hand)
 s - an uncursed ring of ice {unknown}
Wands
 l - a wand of polymorph (14)
 p - a wand of flame (31)
Scrolls
 b - a scroll of enchant weapon
 h - 5 scrolls of remove curse
 i - 4 scrolls of identify
 r - a scroll of enchant armour


   Skills:
 - Level 2.6 Fighting
 - Level 1.4 Polearms
 - Level 1.5 Dodging
 - Level 1.5 Stealth
 - Level 5.0 Spellcasting
 - Level 1.0 Conjurations
 + Level 8.6 Summonings
 - Level 0.7 Translocations


You had 9 spell levels left.
You knew the following spells:

 Your Spells              Type           Power        Failure   Level  Hunger
a - Magic Dart            Conj           #...         9%          1    N/A
b - Call Imp              Summ           #####...     1%          2    N/A
c - Blink                 Tloc           N/A          14%         2    N/A
d - Conjure Flame         Conj/Fire      #.......     30%         3    N/A

Your spell library contained the following spells:

 Spells                   Type           Power        Failure   Level  Hunger
 Slow                     Hex            #.......     19%         2    N/A
 Mephitic Cloud           Conj/Pois/Air  #.......     32%         3    N/A

Dungeon Overview and Level Annotations

Branches:
Dungeon (8/15)             Temple (1/1) D:6
   Lair: D:8-11

Altars:
Ashenzari
Cheibriados
Dithmenos
Elyvilon
Fedhas
Gozag
Hepliaklqana
Kikubaaqudgha
Makhleb
Nemelex Xobeh
Qazlal
Ru
Trog
Uskayaw
Vehumet
Wu Jian
Xom
Yredelemnul
Zin
The Shining One

Shops:
D:5 (*   D:6 *

Annotations:
D:2 1 runed door


Innate Abilities, Weirdness & Mutations

You do not eat or drink.
Your flesh is vulnerable to fire.
You are immune to poison.
Your flesh is cold resistant. (rC+)
You are immune to negative energy. (rN+++)
You are immune to unholy pain and torment.
You can survive without breathing.


Message History

Casting: Call Imp (safe; 1% risk of failure)
Confirm with . or Enter, or press ? or * to list all spells.
A beastly little devil appears in a puff of flame.
The killer bee completely misses you. The killer bee barely misses you.
Your crimson imp barely misses the killer bee.
The killer bee stings you.
* * * LOW HITPOINT WARNING * * *
You swap places.
The killer bee stings your crimson imp!
Your crimson imp is poisoned.
The killer bee poisons your crimson imp!
The killer bee barely misses your crimson imp.
Your crimson imp completely misses the killer bee.
The killer bee stings your crimson imp.
Your crimson imp dies!
Your crimson imp blinks!
You miss the killer bee.
The killer bee is lightly wounded.
The killer bee stings you!
You die...
Your body crumbles into a pile of gold.

#.....##
#....yO#
#......#
######.# ###
#.#
#............#
#.#########..#
#.# ..# #@# #.#
#y# .. #.# ..y
#.# ....
#§##########...
#.............#
#.###########..
###


You could see a killer bee.

Vanquished Creatures
  An orc warrior (D:6)
  A necrophage (D:7)
  A big kobold (D:7)
  2 bullfrogs
  6 killer bees
  4 crimson imps
  3 hounds
  2 orc priests
  An orc wizard (D:3)
  Jessica (D:2)
  An iguana (D:7)
  Terence (D:2)
  2 worker ants
  A mummy (D:7)
  A howler monkey skeleton (D:4)
  4 gnolls (D:5)
  5 adders
  An ooze (D:3)
  An adder skeleton (D:7)
  An adder zombie (D:8)
  A dart slug (D:3)
  4 leopard geckos
  5 orcs
  8 bats
  6 giant cockroaches
  8 goblins
  7 hobgoblins
  8 jackals
  2 quokkas
  A ball python (D:3)
  3 frilled lizards
  A gnoll zombie (Ossuary)
  2 hobgoblin zombies (Ossuary)
  7 kobolds
  An orc zombie (Ossuary)
  3 rats
107 creatures vanquished.

Vanquished Creatures (collateral kills)
  A hippogriff (D:8)
  2 ice beasts (D:5)
  A phantom (D:7)
  A scorpion (D:4)
  2 killer bees
  A howler monkey (D:5)
  2 crimson imps
  A centaur zombie (D:7)
  A hound (D:7)
  A bullfrog skeleton (D:4)
  2 orc priests (D:5)
  4 adders
  A howler monkey skeleton (D:5)
  3 worms
  A dart slug (D:5)
  A leopard gecko (D:3)
  11 orcs
  A giant cockroach (D:7)
  A hobgoblin (D:2)
  A jackal (D:7)
  3 kobolds
  2 orc zombies (Ossuary)
  A quokka skeleton (D:7)
45 creatures vanquished.

Grand Total: 152 creatures vanquished

Notes
Turn   | Place    | Note
-------+----------+-------------------------------------------
     0 | D:1      | laxity the Mummy Wizard began the quest for the Orb.
     0 | D:1      | Reached XP level 1. HP: 13/13 MP: 5/5
    58 | D:1      | Reached skill level 1 in Conjurations
   415 | D:1      | Reached XP level 2. HP: 18/19 MP: 2/7
   425 | D:1      | Learned a level 2 spell: Call Imp
   468 | D:1      | Learned a level 2 spell: Blink
  1162 | D:1      | Reached skill level 5 in Spellcasting
  1263 | D:1      | Reached skill level 1 in Summonings
  1607 | D:2      | Reached XP level 3. HP: 24/24 MP: 0/9
  2013 | D:2      | Found a runed door.
  2041 | D:2      | Noticed Terence
  2054 | D:2      | Killed Terence
  2054 | D:2      | Reached skill level 2 in Summonings
  2147 | D:2      | Noticed Jessica
  2168 | D:2      | Killed Jessica
  2168 | D:2      | Reached XP level 4. HP: 28/30 MP: 1/11
  2250 | D:2      | Found a hazy altar of Hepliaklqana.
  2682 | D:3      | Found a faded altar of an unknown god.
  2865 | D:3      | Found a shadowy altar of Dithmenos.
  2956 | D:3      | Reached skill level 3 in Summonings
  3325 | D:4      | Reached XP level 5. HP: 17/36 MP: 4/12
  3495 | D:4      | Reached skill level 1 in Fighting
  3800 | D:4      | Found a glowing silver altar of Zin.
  4809 | D:3      | Reached skill level 1 in Polearms
  5324 | D:5      | Entered Level 5 of the Dungeon
  5505 | D:5      | Noticed an ice beast
  5532 | D:5      | Killed an ice beast
  5532 | D:5      | Reached XP level 6. HP: 46/46 MP: 1/13
  5775 | D:5      | Found a bloodstained altar of Trog.
  5792 | D:5      | Noticed an ice beast
  5793 | D:5      | Found an opulent altar of Gozag.
  5848 | D:5      | Killed an ice beast
  5848 | D:5      | Reached skill level 4 in Summonings
  6266 | D:5      | Found a burning altar of Makhleb.
  6276 | D:5      | Found Gozag's Platinum Reserve.
  6285 | D:5      | Became a worshipper of Gozag Ym Sagoz the Greedy
  6614 | D:5      | Found Yteone's Weapon Shop.
  6631 | D:5      | Reached XP level 7. HP: 47/51 MP: 10/14
  6710 | D:5      | Learned a level 3 spell: Conjure Flame
  6764 | D:5      | Reached skill level 5 in Summonings
  7141 | D:5      | Found a hide-covered altar of Uskayaw.
  7163 | D:5      | Found a sparkling altar of Nemelex Xobeh.
  7583 | D:6      | Found a staircase to the Ecumenical Temple.
  7593 | Temple   | Entered the Ecumenical Temple
  8101 | D:5      | Reached skill level 6 in Summonings
  8748 | D:6      | Found Uneong's Assorted Antiques.
  9023 | D:6      | Bought a gnarled jewelled staff for 360 gold pieces
  9023 | D:6      | Bought a scroll labeled KUJETTAIRE for 30 gold pieces
  9138 | D:7      | Reached XP level 8. HP: 54/57 MP: 1/15
  9160 | D:7      | Reached skill level 7 in Summonings
  9587 | D:7      | Noticed a troll
  9823 | D:7      | Found a sand-covered staircase.
  9834 | Ossuary  | Entered an ossuary
 10269 | D:8      | Noticed a hippogriff
 10277 | D:8      | Killed a hippogriff
 10277 | D:8      | Reached skill level 8 in Summonings
 10703 | D:8      | Slain by a killer bee

Vault maps used:
D:1:      dpeg_arrival_concentric_ovals
D:2:      overflow_temple_1_default, uniq_terence, uniq_crazy_yiuf_cottage,
          uniq_jessica
D:3:      serial_co_window_serial, co_window_paths_a, co_window_paths_a,
          co_window_corner_a, co_window_of_opportunity_a, co_window_paths_a,
          co_window_unsneaky_path_a, co_window_unsneaky_path_c,
          co_window_unsneaky_path_d, glass_columns_c,
          chequers_ecumenical_altar_island, grunt_dithmenos_smoke
D:4:      lemuel_crystal_altar, bh_walls_and_bars
D:5:      nicolae_overflow_quartered_altars, nicolae_gozag_zags_fifth_avenue,
          first_ration, serial_shops, nicolae_shop_behind_doors
D:6:      temple_fountains, serial_shops,
          nicolae_shop_temple_entry_statues_fountains
D:7:      enter_ossuary_1, feat_on_display
D:8:      lemuel_blue_sif_altar, okawaru_ov_weapons_minmay,
          erik_lair_orcish_takeover, david_nohive_1
Temple:   nicolae_temple_figure_eight
Ossuary:  ossuary_tomb_3

Skill      XL: |  1  2  3  4  5  6  7  8 |
---------------+-------------------------+-----
Conjurations   | 1 |  1.0
Spellcasting   | 5 |  5.0
Summonings     | 1 2 3 4 6 8 |  8.6
Fighting       | 2 |  2.6
Polearms       | 1 |  1.4
Dodging        | |  1.5
Stealth        | |  1.5
Translocations | |  0.7

Action                   |  1- 3 |  4- 6 |  7- 9 || total
-------------------------+-------+-------+-------++-------
Melee: Short sword       |    11 |       |       ||    11
       Trident           |     5 |    69 |   130 ||   204
 Cast: Magic Dart        |    67 |    46 |    20 ||   133
       Call Imp          |    18 |    71 |   102 ||   191
       Conjure Flame     |       |       |     1 ||     1
       Blink             |       |       |     1 ||     1
Invok: Potion Petition   |       |       |     1 ||     1
  Use: Scroll            |       |     8 |     5 ||    13
 Stab: Sleeping          |       |     1 |     2 ||     3
       Distracted        |       |       |     1 ||     1
Armor: Robe              |     7 |    32 |    33 ||    72
Dodge: Dodged            |    19 |    56 |   119 ||   194

Table legend:
 A = Non-vault XP
 B = Vault XP
 C = Vault XP percentage of total XP
 D = Non-vault monster count
 E = Vault monster count
 F = Vault count percentage of total count
                 A         B        C        D         E       F
            +---------+---------+-------+---------+---------+-------
      Total |    2225 |     186 |   7.7 |     141 |      11 |   7.2
            +---------+---------+-------+---------+---------+-------
        D:1 |      36 |       0 |   0.0 |      21 |       0 |   0.0
        D:2 |      24 |      49 |  67.1 |      11 |       2 |  15.4
        D:3 |     143 |       0 |   0.0 |      29 |       0 |   0.0
        D:4 |     105 |       0 |   0.0 |       9 |       0 |   0.0
        D:5 |     638 |       0 |   0.0 |      26 |       0 |   0.0
        D:6 |     396 |       0 |   0.0 |      15 |       0 |   0.0
        D:7 |     594 |      18 |   2.9 |      23 |       1 |   4.2
        D:8 |     289 |     113 |  28.1 |       7 |       2 |  22.2
    Ossuary |       0 |       6 | 100.0 |       0 |       6 | 100.0
            +---------+---------+-------+---------+---------+-------
